Cogmind - Beta 11 X7 @@@ ROGUE MODE // 2021.09.15 @ 03:44:16 Player: cptwinky Result: Destroyed by EQ-103 with Cooled Phase Cannon Performance ------------- Evolutions (9) 4500 Regions Visited (30) 6000 Robots Destroyed (436) 2180 Value Destroyed (21568) 21568 Prototype IDs (67) 1340 Alien Tech Used (7) 1400 Bonus (12997) 12997 TOTAL SCORE: 49985 Bonus ------- High Alert Combat Kills 1792 Follower Combat Kills 1764 Network Hubs Disabled 400 Met Data Miner 300 Met Zhirov 300 Met R17 at Cetus 500 Found Hidden Lab 3000 Met MAIN.C 5000 Destroyed MAIN.C Shell 5000 Friendly Fire -5059 Cogmind --------- Core Integrity 0/1600 Matter 50/300 Energy 99/100 System Corruption 44% Temperature Cool (52) Movement Core (50) Location -1/Command Parts ------- > --- POWER (3) -------- (None) > --- PROPULSION (8) --- (None) > --- UTILITY (11) ----- (None) > --- WEAPON (4) ------- (None) > --- INVENTORY (5) ---- Graviton Cannon Graviton Cannon Perforator Peak State ------------ > --- POWER ------------ Zero-point Reactor Zero-point Reactor Zero-point Reactor > --- PROPULSION ------- Armored Heavy Treads Armored Heavy Treads Enhanced Armored Heavy Treads Advanced Heavy Siege Treads > --- UTILITY ---------- Advanced Heat Sink Experimental Cooling System Medium Storage Unit Spectral Analyzer Advanced Melee Analysis Suite Advanced Target Analyzer Experimental Core Analyzer Advanced Armor Integrity Analyzer Experimental Core Shielding Centrium Medium Armor Plating Centrium Medium Armor Plating > --- WEAPON ----------- Enhanced Nova Cannon Heavy Hardcell Cannon Graviton Cannon > --- INVENTORY -------- Armored Heavy Treads Experimental Biometal Medium Treads Experimental Matter Compressor Graviton Cannon Graviton Cannon Perforator [Rating: 224] Favorites ----------- Power Heavy Deuterium Engine Engine Heavy Deuterium Engine Power Core Enhanced Nuclear Core Reactor Quantum Reactor Propulsion Light Treads Treads Light Treads Leg Centrium Leg Wheel Armored Huge Wheel Utility Huge Storage Unit Device Improved Heat Sink Storage Huge Storage Unit Processor Advanced Targeting Computer Hackware Improved Hacking Suite Protection Centrium Medium Armor Plating Artifact Matter Drive Weapon Improved KE Penetrator Energy Gun Beamcaster Energy Cannon Matter Neutralizer Ballistic Gun Improved KE Penetrator Ballistic Cannon Advanced Assault Cannon Launcher Rocket Array Special Weapon Remote Datajack Slashing Weapon Sigix Broadsword Special Melee Weapon Datajack Build | -11 -10 -10 -9 -9 -9 -8 -8 -7 -7 -7 -7 -6 -6 -6 -6 -6 -6 -5 -5 -5 -5 -4 -4 -4 -4 -3 -3 -2 -1 -1 ------- Run | Scr Mat Min Mat Min Exi Min Mat Fac Low Low Dat Pro Fac Ext Cet Arc Hub Fac Upp Upp Zhi Pro Fac Arm Lab Res Qua Res Acc Com Slots Evolved 18 | . . . 2 . . . 2 2 . . . . 2 . . . . 2 . . . . 2 . . 2 . 2 2 . Power 2 | . . . . . . . . . . . . . . . . . . 1 . . . . . . . . . . 1 . Propulsion 6 | . . . 1 . . . . 1 . . . . 1 . . . . 1 . . . . . . . 2 . . . . Utility 9 | . . . 1 . . . 2 1 . . . . 1 . . . . . . . . . 1 . . . . 2 1 . Weapon 1 | . . . . . . . . . . . . . . . . . . . . . . . 1 . . . . . . . Parts Attached 546 | 2 10 1 37 5 . . 27 52 8 5 . 8 20 16 20 8 18 12 26 10 5 14 74 36 15 27 19 11 15 45 Power 28 | . 1 . 2 . . . 1 2 . . . . 3 . 1 . 1 1 2 . 2 . 3 2 . 1 2 . . 4 Engine 7 | . 1 . 1 . . . 1 1 . . . . . . 1 . . . 1 . 1 . . . . . . . . . Core 8 | . . . 1 . . . . 1 . . . . 3 . . . . . . . . . 3 . . . . . . . Reactor 13 | . . . . . . . . . . . . . . . . . 1 1 1 . 1 . . 2 . 1 2 . . 4 Propulsion 88 | 2 1 . 14 1 . . 8 10 1 . . 2 2 4 1 1 1 1 . . . 2 8 3 1 3 5 5 2 10 Treads 78 | 2 1 . 14 . . . 5 8 1 . . 2 2 3 1 1 1 1 . . . 2 8 3 1 3 5 4 2 8 Leg 3 | . . . . . . . . . . . . . . . . . . . . . . . . . . . . 1 . 2 Wheel 7 | . . . . 1 . . 3 2 . . . . . 1 . . . . . . . . . . . . . . . . Hover . | . . . . . . . . . . . . . . . . . . . . . . . . . . . . . . . Flight . | . . . . . . . . . . . . . . . . . . . . . . . . . . . . . . . Utility 253 | . 4 1 8 1 . . 10 19 2 3 . 1 6 8 8 3 10 8 19 8 1 11 40 23 5 10 9 3 10 22 Device 112 | . 2 . 4 . . . 3 7 . 1 . 1 1 2 2 1 3 4 11 4 . 8 21 17 2 5 4 2 . 7 Storage 8 | . 1 1 1 . . . . 1 . . . . . . . . . . . . . . . . . . 1 . 1 2 Processor 20 | . . . . . . . 1 1 . . . . 1 2 . . . 1 . . . . 1 1 . . 2 . 5 5 Hackware 7 | . . . . . . . 1 1 . . . . . . . . 1 . . . . . . . . 3 . . 1 . Protection 96 | . 1 . 3 1 . . 5 9 2 2 . . 4 4 6 2 6 3 8 4 1 3 18 5 3 2 . . . 4 Artifact 10 | . . . . . . . . . . . . . . . . . . . . . . . . . . . 2 1 3 4 Weapon 177 | . 4 . 13 3 . . 8 21 5 2 . 5 9 4 10 4 6 2 5 2 2 1 23 8 9 13 3 3 3 9 Energy Gun 9 | . 1 . . . . . . 1 . . . . . . . . . . 1 1 . . 1 . 1 1 . 1 . 1 Energy Cannon 18 | . . . . . . . . . . . . . . 1 . . . . . . . . 7 1 2 4 1 . . 2 Ballistic Gun 57 | . 2 . 10 2 . . 7 3 . . . . . . 4 2 3 1 3 1 1 1 6 4 4 3 . . . . Ballistic Cannon 38 | . . . . . . . . 11 3 1 . 3 5 3 3 . . . . . . . 2 . 1 1 . . . 5 Launcher 21 | . 1 . 1 1 . . 1 3 1 . . 1 3 . 2 . . . . . . . 4 . . 3 . . . . Special Weapon 4 | . . . . . . . . . . . . . . . . . . . . . . . . . 1 1 1 1 . . Impact Weapon . | . . . . . . . . . . . . . . . . . . . . . . . . . . . . . . . Slashing Weapon 19 | . . . . . . . . . 1 1 . . . . 1 . 3 . 1 . 1 . 2 3 . . 1 1 3 1 Piercing Weapon . | . . . . . . . . . . . . . . . . . . . . . . . . . . . . . . . Special Melee Weapon 11 | . . . 2 . . . . 3 . . . 1 1 . . 2 . 1 . . . . 1 . . . . . . . Unidentified Prototypes 43 | . 1 . . . . . . 5 . . . . . . 2 . 1 1 . . 3 1 1 . 6 2 3 1 . 16 Corrupted Parts 2 | . . . . . . . . . . . . . . . . . . . . . . . . . . . . . . 2 System Corruption 11 | . . . . . . . . . . . . . . . . . . . . . . . . . . . . . . 11 Parts Lost 114 | . . . 2 . . . 13 3 2 . . . 2 . 5 2 4 . 3 1 . 2 11 1 . 22 . 12 2 27 Power 11 | . . . 2 . . . 1 . . . . . . . . . 1 . . . . . 1 . . 2 . 2 . 2 Propulsion 27 | . . . . . . . 4 . . . . . . . 1 1 1 . . . . 1 3 . . 5 . 4 1 6 Utility 49 | . . . . . . . 6 3 1 . . . 1 . 2 1 2 . 1 1 . 1 3 1 . 7 . 3 1 15 Weapon 27 | . . . . . . . 2 . 1 . . . 1 . 2 . . . 2 . . . 4 . . 8 . 3 . 4 Highest Loss Streak 20 | . . . 1 . . . 3 2 1 . . . 1 . 2 2 2 . 2 1 . 1 5 1 . 16 . 6 1 20 Average Slot Usage (%) 83 | . 98 100 97 100 100 100 91 89 80 82 76 77 82 79 80 86 85 82 81 82 81 82 82 80 79 76 42 46 39 60 Engine 4 | . 14 14 3 11 11 11 8 1 7 7 7 7 3 . 1 6 4 . 1 5 5 5 1 . . . . . . . Core 1 | . . . 7 . . . . 5 . . . . 2 6 4 . . . . . . . 4 . . . . . . . Reactor 2 | . . . . . . . . . . . . . . . . . 1 11 9 5 5 5 2 9 10 7 4 5 . 4 Treads 18 | . 27 28 32 30 22 22 13 12 15 15 15 16 20 20 20 20 20 17 17 17 17 17 15 15 15 17 11 13 12 12 Wheel 1 | . . . . 2 11 11 10 7 . . . . . . . . . . . . . . . . . . . . . . Device 6 | . 10 . 8 11 11 11 10 9 7 7 7 7 9 1 4 6 4 5 3 4 . 4 6 9 7 5 3 3 1 4 Storage 6 | . 14 14 11 11 11 11 9 7 7 7 7 7 6 6 6 6 6 5 5 5 5 5 5 5 5 3 . 2 . 2 Processor 11 | . . . . . . . 5 10 15 15 15 15 15 20 20 20 20 17 17 17 17 17 15 15 15 10 1 4 8 15 Hackware 3 | . . . . . . . 8 6 . . . . . . . . 4 5 5 5 5 5 5 2 . 8 9 8 7 3 Protection 8 | . 3 14 11 11 11 11 7 9 11 13 7 7 9 10 8 12 9 4 6 5 10 5 8 4 8 5 . . . 3 Ballistic Gun 8 | . 18 28 21 21 22 22 17 1 . . . . . . 7 13 12 10 9 5 4 6 7 14 11 11 . . . . Ballistic Cannon 4 | . . . . . . . . 12 14 13 15 14 12 12 4 . . . . . . . 1 . 1 2 . . . 3 Naked Turns 3 | . . . . . . . . . . . . . . . . . . . . . . . . . . . . . . 3 Heaviest Build 169 | 12 30 50 102 102 102 102 105 124 120 124 124 127 131 123 126 117 126 146 146 134 134 131 154 154 161 169 104 106 22 118 Greatest Support 320 | 40 40 40 60 60 12 12 28 140 140 140 140 140 170 170 170 160 160 200 200 200 200 200 225 225 220 305 320 320 265 280 Greatest Overweight (x) 38 | . . 1 2 8 8 8 8 3 . . . . . . . 38 . . . . . . 1 . . 4 1 3 3 3 Average Overweight (x) . | . . . . 2 8 8 4 2 . . . . . . . 17 . . . . . . . . . . . . . . Largest Inventory Capacity 25 | 8 15 20 25 25 25 25 25 25 25 25 25 25 25 25 25 25 25 25 25 25 25 25 25 25 25 25 10 10 10 10 Average Capacity 22 | 8 12 16 24 25 25 25 25 25 25 25 25 25 25 25 25 25 25 25 25 25 25 25 25 25 25 24 5 8 6 8 Most Carried 25 | 6 15 19 25 25 25 25 25 25 25 25 25 25 25 25 25 25 25 24 25 25 25 25 25 25 25 25 6 10 5 10 Average Carried 21 | 6 10 15 23 24 25 24 22 24 24 24 25 24 24 24 24 24 23 21 24 24 24 24 23 24 24 23 5 7 3 7 Final Capacity 25 | 8 15 20 25 25 25 25 25 25 25 25 25 25 25 25 25 25 25 25 25 25 25 25 25 25 25 5 10 5 5 5 Final Carried 25 | 6 15 19 25 25 25 25 25 24 25 25 25 25 25 25 25 25 19 23 24 25 25 25 25 25 25 5 6 5 5 4 Class Distribution -------------------- 32% | Mutant 20% | Scavenger-Mutant 14% | Scavenger-Skirmisher 8% | Commander-Mutant 6% | Hacker-Mutant 4% | Scavenger-Tank Dominant Class ---------------- Mutant | -10/Materials Mutant | -10/Mines Trapper-Mutant | -9/Materials Scavenger-Mutant | -9/Mines Mutant | -9/Exiles Mutant | -8/Mines Mutant | -8/Materials Commander-Mutant | -7/Factory Mutant | -7/Lower Caves Mutant | -7/Lower Caves Mutant | -7/Data Miner Mutant | -6/Proximity Caves Mutant | -6/Factory Mutant | -6/Extension Mutant | -6/Cetus Scavenger-Mutant | -6/Archives Scavenger-Mutant | -6/Hub_04(d) Scavenger-Skirmisher | -5/Factory Scavenger-Skirmisher | -5/Upper Caves Scavenger-Skirmisher | -5/Upper Caves Scavenger-Mutant | -5/Zhirov Scavenger-Skirmisher | -4/Proximity Caves Scavenger-Tank | -4/Factory Gunner | -4/Armory Mutant | -4/Lab Hacker-Skirmisher | -3/Research Hacker-Mutant | -3/Quarantine Hacker-Mutant | -2/Research Hacker-Mutant | -1/Access Generator-Tank | -1/Command Resources | -11 -10 -10 -9 -9 -9 -8 -8 -7 -7 -7 -7 -6 -6 -6 -6 -6 -6 -5 -5 -5 -5 -4 -4 -4 -4 -3 -3 -2 -1 -1 ----------- Run | Scr Mat Min Mat Min Exi Min Mat Fac Low Low Dat Pro Fac Ext Cet Arc Hub Fac Upp Upp Zhi Pro Fac Arm Lab Res Qua Res Acc Com Matter Collected 16842 | 208 281 67 780 139 . . 934 2040 597 367 . 322 661 749 731 333 368 172 439 251 50 382 2035 1262 261 1172 349 41 27 1824 Remotely 553 | . . . . . . . 553 . . . . . . . . . . . . . . . . . . . . . . . Salvage Created 19455 | . 654 91 1296 303 . . 1233 1517 143 264 . 202 806 458 618 489 853 247 304 221 355 835 2428 1467 148 2555 483 332 91 1062 Parts 927 | . 34 5 82 19 . . 68 79 9 6 . 10 39 20 37 36 44 14 20 5 1 35 107 90 8 110 14 11 10 14 Haulers Intercepted 16 | . 2 . 5 . . . 3 4 . . . . . . . . . . . . . 1 . . . 1 . . . . Recyclers Shooed 11 | . 1 . 1 . . . . . . . . . 2 1 . . 2 . . . . . 2 . . 2 . . . . Parts Field Recycled 9 | . . . . . . . . . . . . . . . . . . . . . . . . 9 . . . . . . Retrieved Matter 157 | . . . . . . . . . . . . . . . . . . . . . . . . 157 . . . . . . Parts Self-Destructed 80 | . . . . . . . . . 3 3 . 11 . . . . . . 24 5 . 34 . . . . . . . . Prevented 18 | . . . . . . . . . . 3 . . . . . . . . 14 . . 1 . . . . . . . . Kills | -11 -10 -10 -9 -9 -9 -8 -8 -7 -7 -7 -7 -6 -6 -6 -6 -6 -6 -5 -5 -5 -5 -4 -4 -4 -4 -3 -3 -2 -1 -1 ------- Run | Scr Mat Min Mat Min Exi Min Mat Fac Low Low Dat Pro Fac Ext Cet Arc Hub Fac Upp Upp Zhi Pro Fac Arm Lab Res Qua Res Acc Com Combat Hostiles Destroyed 334 | . 14 2 21 7 . . 24 28 5 8 . 8 20 8 16 4 14 3 5 3 . 10 50 24 1 31 4 4 1 19 Melee 13 | . . . . . . . . . . . . . . . . . . . . . . . . . . 2 4 4 1 2 Guns 161 | . 9 2 19 4 . . 23 1 . . . . . . 8 4 12 3 5 3 . 10 19 24 . 15 . . . . Cannons 104 | . . . . . . . . 22 3 8 . 6 14 8 1 . . . . . . . 17 . 1 8 . . . 16 AOE 51 | . 5 . 2 3 . . 1 5 2 . . 2 6 . 7 . 1 . . . . . 13 . . 4 . . . . Classes Destroyed 25 | . 7 . 3 1 . . 1 3 1 . . . . . . . 1 . 1 . . . 2 2 . 1 . . . 2 Worker 24 | . 1 . 2 1 . . . 9 . . . . 1 . . . 4 1 . . . . . . . 2 1 . 1 1 Builder 8 | . . . 1 . . . 1 . . . . . 1 . . . 2 . . . . . 2 . . 1 . . . . Tunneler 4 | . . . . . . . . 1 . . . . . . . . 2 . . . . . . . . . . . 1 . Hauler 16 | . 2 . 5 . . . 3 4 . . . . . . . . . . . . . 1 . . . 1 . . . . Recycler 19 | . 1 . . . . . 1 7 . . . . 2 1 . . . . . . . . 3 . . 2 1 . . 1 Carrier 1 | . . . . . . . . . . . . . . . . . . . . . . . . . . 1 . . . . Mechanic 2 | . . . . . . . . . . . . . . . . . . . . . . . 1 . . 1 . . . . Operator 9 | . 3 . . . . . 1 . . . . . . . . 5 . . . . . . . . . . . . . . Drone 3 | . . . . . . . . . . . . . . . . . . . . . . . . . . . . . . 3 Watcher 15 | . 1 . 3 . . . . 2 . . . . 1 1 1 . 1 1 . . . . 2 1 . . 1 . . . Swarmer 72 | . 6 . 1 3 . . 4 2 3 . . 4 6 . 10 . 4 . 1 . . 1 17 . . 10 . . . . Saboteur 4 | . . . . . . . . . . . . . . . . . . . . . . . 1 3 . . . . . . Grunt 116 | . 8 2 10 4 . . 15 14 . 5 . 2 7 2 2 . 4 . 1 1 . 6 12 6 . 10 2 3 . . Brawler 5 | . . . 1 . . . . . . . . 1 . . . . 1 . . . . 2 . . . . . . . . Duelist 5 | . . . . . . . . 1 . 1 . . . 1 . . . . . . . . 1 1 . . . . . . Protector 1 | . . . . . . . . . . . . . . . . . . . . . . . . 1 . . . . . . Sentry 45 | . . . 9 . . . 4 4 . 1 . . 1 5 . 4 2 1 . 1 . 1 6 . . 5 . . . 1 Demolisher 3 | . . . . . . . . . . . . . . . . . . . . . . . . 3 . . . . . . Specialist 5 | . . . . . . . . . . . . . . . . . 2 . . . . . . 1 . 2 . . . . Hunter 16 | . . . . . . . 1 1 1 1 . . 4 . . . . . 1 . . . 6 . 1 . . . . . Programmer 37 | . . . . . . . . 6 . . . . 2 . . . 1 2 . . . . 7 9 . 4 2 1 1 2 Behemoth 4 | . . . . . . . . . 1 . . 1 . . . . . . 1 1 . . . . . . . . . . Cetus Guard 4 | . . . . . . . . . . . . . . . 4 . . . . . . . . . . . . . . . Enhanced Q-Series 13 | . . . . . . . . . . . . . . . . . . . . . . . . . . . . . . 13 Zionite 1 | . . . . 1 . . . . . . . . . . . . . . . . . . . . . . . . . . Thug 1 | . . . . 1 . . . . . . . . . . . . . . . . . . . . . . . . . . Savage 1 | . . . . . . . . . 1 . . . . . . . . . . . . . . . . . . . . . Mutant 1 | . . . . . . . . . . . . . . . . . . . 1 . . . . . . . . . . . Best Kill Streak 22 | . 6 2 5 3 . . 6 6 3 2 . 4 6 2 6 3 6 2 1 1 . 5 10 5 1 22 2 1 2 5 Combat Bots Only 18 | . 6 2 3 3 . . 6 5 3 2 . 4 6 2 6 1 4 2 1 1 . 5 8 5 1 18 2 1 1 5 Max Kills in Single Turn 5 | . 4 1 2 3 . . 2 4 2 1 . 2 3 1 4 1 5 1 1 1 . 2 4 1 1 5 1 1 1 1 Gunslinging 1 | . . . . . . . . . . . . . . . . . 1 . . . . . 1 . . 1 . . . . Exploded 4 | . 4 . 1 3 . . 1 3 2 . . 2 3 . 4 . 1 . . . . . 4 . . 3 . . . . Melee 1 | . . . . . . . . . . . . . . . . . . . . . . . . . . 1 1 1 1 1 Uniques/NPCs Destroyed 4 | . . . . . . . . . . . . . . . 2 . . . . . . . . . 1 . . . . 1 A7 (-6/Cetus) Revision 17 (-6/Cetus) A5 (-4/Lab) MAIN.C Shell (-1/Command) Combat | -11 -10 -10 -9 -9 -9 -8 -8 -7 -7 -7 -7 -6 -6 -6 -6 -6 -6 -5 -5 -5 -5 -4 -4 -4 -4 -3 -3 -2 -1 -1 -------- Run | Scr Mat Min Mat Min Exi Min Mat Fac Low Low Dat Pro Fac Ext Cet Arc Hub Fac Upp Upp Zhi Pro Fac Arm Lab Res Qua Res Acc Com Damage Taken 58347 | . 381 90 935 104 . . 2339 1881 1156 511 . 723 1650 327 2329 366 1989 264 754 1024 . 956 7432 2417 319 7372 1771 6729 1064 13464 Core 4768 | . 43 26 40 26 . . 244 145 189 65 . 7 102 23 38 . 48 21 . 39 . 45 270 133 27 739 94 795 117 1492 Absorbed by Shields 1875 | . . . . . . . . 107 . . . . . 189 37 . . . . . . . . . . 121 . . . 1421 Reduced by Siege Mode 3087 | . . . . . . . . 51 109 . . . 80 6 178 17 51 . 21 148 . 59 477 259 55 272 . 154 . 1150 Redirected to Core 182 | . . . . . . . . . . . . . . . . . . . . . . . . . . . . 182 . . Core Remaining (%) 64 | 100 . 72 . . . 83 55 . . . . 42 . . . . 75 . . . . 89 . . 58 . 30 45 . . Volleys Fired 1226 | . 62 6 79 14 . . 104 139 28 26 . 22 56 37 51 29 26 10 23 24 . 36 145 64 31 91 6 22 . 95 Largest 4 | . 2 2 2 2 . . 2 2 2 2 . 2 2 2 2 2 2 2 2 2 . 2 3 3 3 4 1 1 . 3 Hottest 270 | . 70 46 46 46 . . 46 96 96 92 . 92 96 114 114 70 70 70 70 110 . 108 245 120 188 226 81 80 . 270 Shots Fired 2460 | . 122 12 155 27 . . 206 224 48 49 . 39 105 62 91 57 51 20 46 48 . 72 339 187 64 233 6 22 . 175 Gun 1504 | . 120 12 152 26 . . 204 26 . . . . . . 58 57 51 20 46 48 . 72 190 185 49 166 . 22 . . Cannon 924 | . . . . . . . . 191 47 49 . 38 102 62 31 . . . . . . . 142 2 15 64 6 . . 175 Launcher 31 | . 2 . 3 1 . . 2 7 1 . . 1 3 . 2 . . . . . . . 7 . . 2 . . . . Special 1 | . . . . . . . . . . . . . . . . . . . . . . . . . . 1 . . . . Kinetic 2085 | . 60 12 152 26 . . 204 217 47 49 . 38 102 50 89 57 51 20 46 39 . 58 225 185 49 183 . . . 126 Thermal 312 | . 60 . . . . . . . . . . . . 12 . . . . . 9 . 14 107 2 15 44 . . . 49 Explosive 31 | . 2 . 3 1 . . 2 7 1 . . 1 3 . 2 . . . . . . . 7 . . 2 . . . . Electromagnetic 31 | . . . . . . . . . . . . . . . . . . . . . . . . . . 3 6 22 . . Robot Hit Streak 50 | . 13 9 13 10 . . 29 14 12 13 . 9 24 39 26 19 39 42 21 14 . 50 33 37 21 42 3 16 . 30 Robot Miss Streak 8 | . 2 2 3 1 . . 3 4 2 2 . 8 3 1 3 4 1 1 3 1 . 5 7 3 2 4 . 1 . 2 Penetration Max 1 | . . . . . . . . . . . . . . 1 1 1 1 1 . . . 1 1 1 1 1 . . . . Secondary Targets 24 | . . . . . . . 2 . . . . . . . 2 . 1 . . . . 4 2 7 . 6 . . . . Max Gunslinging Chain 1 | . . . . . . . 1 . . . . . . . 1 . 1 . . . . 1 1 1 . 1 . . . . Shots Hit Robots 1906 | . 86 9 106 21 . . 158 151 36 34 . 28 77 44 72 41 42 14 40 42 8 54 233 147 54 171 26 47 5 160 Core Hits 874 | . 39 7 54 14 . . 66 68 15 12 . 11 48 20 40 25 28 6 13 10 3 25 135 57 15 83 8 13 4 55 Critical Kills 56 | . . . . . . . 1 . . . . . . 2 4 3 2 2 . . . 4 12 11 1 14 . . . . Critical Parts Destroyed 96 | . 1 . 1 . . . 1 . . . . . . 4 12 1 4 5 . 1 . 3 15 18 9 21 . . . . Critical Strikes 221 | . 4 . 1 . . . 2 3 . 4 . 4 5 10 19 4 6 7 1 4 . 10 31 29 12 39 2 4 1 19 Burn 6 | . 3 . . . . . . . . . . . . . . . . . . 1 . 2 . . . . . . . . Meltdown 2 | . . . . . . . . . . . . . . . . . . . . . . . 1 . . 1 . . . . Destroy 168 | . 1 . 1 . . . 2 . . . . . . 7 19 4 6 7 1 3 . 8 30 29 12 38 . . . . Blast 38 | . . . . . . . . 3 . 4 . 4 5 3 . . . . . . . . . . . . . . . 19 Sever 7 | . . . . . . . . . . . . . . . . . . . . . . . . . . . 2 4 1 . Melee Attacks 201 | . . . 1 . . . . 8 4 21 . 1 . . 11 1 4 . 4 . 8 . 12 7 . . 39 45 8 27 Impact . | . . . . . . . . . . . . . . . . . . . . . . . . . . . . . . . Slashing 190 | . . . . . . . . . 4 21 . . . . 11 . 4 . 4 . 8 . 12 7 . . 39 45 8 27 Piercing . | . . . . . . . . . . . . . . . . . . . . . . . . . . . . . . . Sneak Attacks 28 | . . . 1 . . . . 8 . . . 1 . . 10 1 1 . . . . . 1 . . . 1 1 1 2 Combat Hostiles 8 | . . . . . . . . 8 . . . . . . . . . . . . . . . . . . . . . . Follow-up Attacks . | . . . . . . . . . . . . . . . . . . . . . . . . . . . . . . . Damage Inflicted 62591 | . 1371 157 1829 535 . . 2724 4840 1033 908 . 786 2740 1313 3201 1145 2424 428 920 1013 928 1233 8774 3118 818 5078 2197 2332 594 10152 Guns 22739 | . 1114 138 1475 329 . . 2379 349 . . . . . . 1344 1145 1204 400 920 1013 . 1233 3189 3118 541 2680 . 168 . . Cannons 22778 | . . . . . . . . 3495 872 908 . 722 2102 1238 479 . . . . . . . 2910 . 277 1425 74 . . 8276 Explosions 7518 | . 251 . 323 181 . . 345 996 161 . . 64 623 . 531 . 1045 . . . . . 2129 . . 869 . . . . Melee 8874 | . . . . . . . . . . . . . . . 847 . 110 . . . 928 . 250 . . . 2123 2155 585 1876 Ramming 682 | . 6 19 31 25 . . . . . . . . 15 75 . . 65 28 . . . . 296 . . 104 . 9 9 . Kinetic 38795 | . 612 138 1475 329 . . 2379 3844 872 908 . 722 2102 1238 1823 1145 1204 400 920 844 . 978 3701 3118 541 2924 . . . 6578 Thermal 6863 | . 502 . . . . . . . . . . . . . . . . . . 169 . 255 2808 . 277 1154 . . . 1698 Explosive 6063 | . 251 . 323 181 . . 345 996 161 . . 64 623 . 531 . . . . . . . 1719 . . 869 . . . . Electromagnetic 1314 | . . . . . . . . . . . . . . . . . 1045 . . . . . . . . 27 74 168 . . Impact . | . . . . . . . . . . . . . . . . . . . . . . . . . . . . . . . Slashing 8874 | . . . . . . . . . . . . . . . 847 . 110 . . . 928 . 250 . . . 2123 2155 585 1876 Piercing . | . . . . . . . . . . . . . . . . . . . . . . . . . . . . . . . Highest Corruption 44 | . . . . . . . . 6 6 6 2 2 1 2 2 2 3 3 1 . . . 6 6 6 12 24 15 7 44 Average Corruption 5 | . . . . . . . . 4 6 3 2 2 1 1 2 1 1 2 1 . . . 2 2 5 4 14 6 3 17 Corruption Purged 31 | . . . . . . . . . . 4 . . . . . 2 . 3 1 . . . 9 12 . . . . . . Effects 355 | . . . . . . . . 101 38 21 2 7 1 5 6 2 1 . . . . . 17 20 18 2 27 10 2 75 Message Errors 81 | . . . . . . . . 22 7 5 1 4 1 1 1 . 1 . . . . . 8 3 5 . 7 2 . 13 Matter Fused 72 | . . . . . . . . 25 9 3 . . . . . . . . . . . . 2 4 6 1 2 3 . 17 Heat Flow Errors 51 | . . . . . . . . 17 6 5 . 2 . . 1 . . . . . . . 2 3 1 . 4 1 . 9 Energy Discharges 48 | . . . . . . . . 11 3 6 . . . 2 3 . . . . . . . . 5 1 1 5 1 1 9 Parts Rejected 3 | . . . . . . . . 3 . . . . . . . . . . . . . . . . . . . . . . Data Loss (minor) 51 | . . . . . . . . 12 4 1 1 1 . 2 . 1 . . . . . . 5 4 4 . 6 1 1 8 Data Loss (major) 9 | . . . . . . . . 3 3 . . . . . . . . . . . . . . . . . . . . 3 Misfires 8 | . . . . . . . . 6 2 . . . . . . . . . . . . . . . . . . . . . Alerts 4 | . . . . . . . . . . . . . . . . . . . . . . . . . . . 3 . . 1 Misdirections 9 | . . . . . . . . . . . . . . . . . . . . . . . . . . . . 2 . 7 Weapon Failures 19 | . . . . . . . . 2 4 1 . . . . 1 1 . . . . . . . 1 1 . . . . 8 Overload Shots . | . . . . . . . . . . . . . . . . . . . . . . . . . . . . . . . Overflow Damage 2594 | . . . . . . . . 123 6 25 . . 24 25 164 . 133 13 . . 447 . 228 . . 99 332 367 13 595 Projectiles 800 | . . . . . . . . 106 . 25 . . 24 22 . . . . . . . . 137 . . 69 . . . 417 Explosions 107 | . . . . . . . . 17 6 . . . . . 6 . 48 . . . . . . . . 30 . . . . Melee 1687 | . . . . . . . . . . . . . . 3 158 . 85 13 . . 447 . 91 . . . 332 367 13 178 Knockbacks 110 | . . . . 1 . . . 23 4 5 . 2 16 6 1 . . . . . . . 7 . . 7 . . . 38 Impact 2 | . . . . 1 . . . . . . . . . . . . . . . . . . . . . 1 . . . . Kinetic 103 | . . . . . . . . 22 4 5 . 2 16 5 1 . . . . . . . 5 . . 6 . . . 37 Secondary 5 | . . . . . . . . 1 . . . . . 1 . . . . . . . . 2 . . . . . . 1 Self-Inflicted Damage 697 | . . . 72 . . . . 122 20 . . 23 92 . 30 . 188 . . . . . 77 . . 73 . . . . Shots 22 | . . . 3 . . . . 5 1 . . 1 3 . 2 . 2 . . . . . 3 . . 2 . . . . Rammed 81 | . 1 5 4 1 . . . . . . . . 1 5 . . 4 3 . . . . 33 . . 9 . 11 4 . Targets Rammed 86 | . 1 5 5 2 . . . . . . . . 1 5 . . 5 3 . . . . 33 . . 10 . 11 5 . Kicked . | . . . . . . . . . . . . . . . . . . . . . . . . . . . . . . . Crushed 5 | . . . 1 1 . . . . . . . . . . . . 1 . . . . . . . . 1 . . 1 . Highest Temperature 387 | . 150 24 71 . . . 9 331 266 232 . 192 86 187 300 . 45 105 114 273 . 124 387 190 197 272 209 360 . 370 Average Temperature 72 | . 79 11 18 . . . 6 78 114 52 . 65 40 65 101 . 15 39 36 105 . 68 85 59 69 63 81 160 . 84 Received Heat Transfer 9576 | . 177 45 315 45 . . 1107 722 132 261 . 213 342 67 315 63 819 9 126 63 . 231 978 328 . 703 244 747 . 1524 Effects 8 | . . . . . . . . . . . . . . . . . . . . 3 . . 1 . . . . 1 . 3 Shutdowns 1 | . . . . . . . . . . . . . . . . . . . . . . . . . . . . 1 . . Energy Bleed 1 | . . . . . . . . . . . . . . . . . . . . . . . 1 . . . . . . . Interference 5 | . . . . . . . . . . . . . . . . . . . . 3 . . . . . . . . . 2 Matter Decay 1 | . . . . . . . . . . . . . . . . . . . . . . . . . . . . . . 1 Siege Activations 62 | . . . . . . . . 1 1 . . . 5 2 2 4 4 . 2 2 . 2 9 13 1 7 . 1 . 6 Total Turns 1744 | . . . . . . . . 31 39 . . . 113 44 92 42 56 . 50 95 . 97 313 280 158 134 . 36 . 164 Longest Duration 158 | . . . . . . . . 31 39 . . . 38 34 82 16 19 . 30 49 . 51 79 51 158 34 . 36 . 39 Robots Corrupted 3 | . . . . . . . . . . . . . . . . . 2 . . . . . . . . . 1 . . . Combat Hostiles 1 | . . . . . . . . . . . . . . . . . 1 . . . . . . . . . . . . . Parts Fried 10 | . . . . . . . . . . . . . . . . . 5 1 . . . . . . . . 4 . . . Impact Corruptions 5 | . . . . . . . . . . . . . . 2 . . 1 1 . . . . 1 . . . . . . . Robots Melted 3 | . . . . . . . . . . . . . . . . . . . . . . . 1 . . 2 . . . . Combat Hostiles 3 | . . . . . . . . . . . . . . . . . . . . . . . 1 . . 2 . . . . Parts Melted 10 | . 3 . . . . . . . . . . . . . . . . . . . . . . . . 7 . . . . Heat Transferred 7914 | . 1665 . . . . . . . . . . . . . . . . . . 370 . 592 2913 . 333 906 . . . 1135 Parts Sabotaged . | . . . . . . . . . . . . . . . . . . . . . . . . . . . . . . . Parts Stolen . | . . . . . . . . . . . . . . . . . . . . . . . . . . . . . . . Parts Stripped . | . . . . . . . . . . . . . . . . . . . . . . . . . . . . . . . Power Chain Reactions . | . . . . . . . . . . . . . . . . . . . . . . . . . . . . . . . Missiles Intercepted . | . . . . . . . . . . . . . . . . . . . . . . . . . . . . . . . Alert | -11 -10 -10 -9 -9 -9 -8 -8 -7 -7 -7 -7 -6 -6 -6 -6 -6 -6 -5 -5 -5 -5 -4 -4 -4 -4 -3 -3 -2 -1 -1 ------- Run | Scr Mat Min Mat Min Exi Min Mat Fac Low Low Dat Pro Fac Ext Cet Arc Hub Fac Upp Upp Zhi Pro Fac Arm Lab Res Qua Res Acc Com Peak Influence 1177 | . 379 65 289 234 . . 366 947 . . . . 626 386 444 333 552 584 . . . . 1081 1177 . 1035 429 313 259 352 Initial 492 | . . 5 . 94 . . . . . . . . 63 244 80 144 . 270 . . . . . 492 . . 429 9 128 165 Average 265 | . 140 18 152 72 . . 179 398 . . . . 367 237 287 119 156 432 . . . . 452 621 . 199 74 134 184 158 Maximum Alert Level 4 | . 1 . 1 1 . . 1 3 . . . . 2 1 2 1 2 2 . . . . 3 4 . 3 2 1 1 1 Low Security (%) 53 | 100 78 100 68 98 . 100 71 34 . . . . 20 21 15 74 80 . . . . . 31 . . 68 93 85 57 73 Level 1 23 | . 21 . 31 1 . . 28 13 . . . . 32 78 76 25 7 49 . . . . 31 . . 13 . 14 42 26 Level 2 14 | . . . . . . . . 30 . . . . 47 . 7 . 12 50 . . . . 5 79 . 6 6 . . . Level 3 8 | . . . . . . . . 22 . . . . . . . . . . . . . . 32 16 . 10 . . . . Level 4 . | . . . . . . . . . . . . . . . . . . . . . . . . 4 . . . . . . Level 5 . | . . . . . . . . . . . . . . . . . . . . . . . . . . . . . . . High Security . | . . . . . . . . . . . . . . . . . . . . . . . . . . . . . . . Max Security . | . . . . . . . . . . . . . . . . . . . . . . . . . . . . . . . Squads Dispatched 72 | . 4 . 2 . . . 4 18 . . . . 6 . . . 5 5 . . . . 9 5 . 8 . 4 1 1 Investigation 15 | . 1 . 1 . . . 1 3 . . . . 3 . . . 1 . . . . . 2 2 . . . 1 . . Extermination 19 | . . . . . . . . 6 . . . . 2 . . . 1 1 . . . . 3 2 . 2 . 1 1 . Reinforcement 22 | . 3 . 1 . . . 2 2 . . . . . . . . 2 . . . . . 2 1 . 6 . 2 . 1 Assault 5 | . . . . . . . . . . . . . 1 . . . 1 1 . . . . 2 . . . . . . . Garrison 11 | . . . . . . . 1 7 . . . . . . . . . 3 . . . . . . . . . . . . Intercept . | . . . . . . . . . . . . . . . . . . . . . . . . . . . . . . . Construction Impeded 5 | . . . . . . . . 1 . . . . . . . . . . . . . . 1 . . 2 . 1 . . Haulers Reinforced 1 | . . . . . . . . 1 . . . . . . . . . . . . . . . . . . . . . . Active Scanning Responses . | . . . . . . . . . . . . . . . . . . . . . . . . . . . . . . . Cargo Convoy Interrupts 1 | . . . . . . . . . . . . . . . . . . . . . . . . . . 1 . . . . Stealth | -11 -10 -10 -9 -9 -9 -8 -8 -7 -7 -7 -7 -6 -6 -6 -6 -6 -6 -5 -5 -5 -5 -4 -4 -4 -4 -3 -3 -2 -1 -1 --------- Run | Scr Mat Min Mat Min Exi Min Mat Fac Low Low Dat Pro Fac Ext Cet Arc Hub Fac Upp Upp Zhi Pro Fac Arm Lab Res Qua Res Acc Com Distress Signals 34 | . 3 . 3 . . . 3 . . . . . 3 . . . 1 . . . . . 3 2 . 4 1 3 . 8 Communications Jammed 29 | . . . . . . . . . . . . . . . . . . . . . . . 1 28 . . . . . . Distress Signals 29 | . . . . . . . . . . . . . . . . . . . . . . . 1 28 . . . . . . Times Spotted 644 | . 30 6 34 6 . . 38 58 5 14 . 12 28 13 23 15 20 8 14 4 . 10 75 29 1 71 10 45 7 68 Peak Tracking Total 16 | . 7 2 4 3 . . 8 5 3 4 . 5 5 3 8 1 5 3 5 3 . 5 8 4 1 12 4 14 3 16 Tactical Retreats 45 | . 1 . . . . . 4 4 . 6 . 1 1 3 2 . 2 . 1 . . . 3 1 . 3 3 7 1 2 Traps | -11 -10 -10 -9 -9 -9 -8 -8 -7 -7 -7 -7 -6 -6 -6 -6 -6 -6 -5 -5 -5 -5 -4 -4 -4 -4 -3 -3 -2 -1 -1 ------- Run | Scr Mat Min Mat Min Exi Min Mat Fac Low Low Dat Pro Fac Ext Cet Arc Hub Fac Upp Upp Zhi Pro Fac Arm Lab Res Qua Res Acc Com Traps Triggered 23 | . . . 1 . . . 1 5 . . . . 1 4 . . 2 . . . . . 2 3 . 1 1 2 . . Indirectly 1 | . . . . . . . . . . . . . . . . . 1 . . . . . . . . . . . . . Trap Hack Attempts 171 | . . . 85 . . . . 57 . . . . 13 . . . . 3 . . . . 13 . . . . . . . Triggered . | . . . . . . . . . . . . . . . . . . . . . . . . . . . . . . . Disarmed 1 | . . . 1 . . . . . . . . . . . . . . . . . . . . . . . . . . . Reprogrammed 36 | . . . 8 . . . . 11 . . . . 2 . . . . 7 . . . . 2 . . 6 . . . . Reused 14 | . . . . . . . . 6 . 1 . 3 . . . . . . . . . . 3 . . 1 . . . . Traps Extracted 8 | . . . 8 . . . . . . . . . . . . . . . . . . . . . . . . . . . Installed 10 | . . . . . . . . 3 1 2 . 3 . . . . . . . . . . 1 . . . . . . . Triggered 14 | . . . . . . . . 6 . 1 . 3 . . . . . . . . . . 3 . . 1 . . . . Machines | -11 -10 -10 -9 -9 -9 -8 -8 -7 -7 -7 -7 -6 -6 -6 -6 -6 -6 -5 -5 -5 -5 -4 -4 -4 -4 -3 -3 -2 -1 -1 ---------- Run | Scr Mat Min Mat Min Exi Min Mat Fac Low Low Dat Pro Fac Ext Cet Arc Hub Fac Upp Upp Zhi Pro Fac Arm Lab Res Qua Res Acc Com Machines Disabled 50 | . . . . . . . . 3 . 1 . . . . 2 4 16 4 1 . . . 6 3 5 1 3 1 . . Max in Single Turn 10 | . . . . . . . . 1 . 1 . . . . 2 2 10 1 1 . . . 2 1 1 1 1 . . . Garrison Access 7 | . . . . . . . 1 2 . . . . . . . . 1 1 . . . . 1 . . . 1 . . . Network Hub 2 | . . . . . . . . . . . . . . . . . 2 . . . . . . . . . . . . . Machines Sabotaged . | . . . . . . . . . . . . . . . . . . . . . . . . . . . . . . . Garrisons Compromised . | . . . . . . . . . . . . . . . . . . . . . . . . . . . . . . . Overloaded Fab Kills . | . . . . . . . . . . . . . . . . . . . . . . . . . . . . . . . Fab Network Shutdowns 1 | . . . . . . . . . . . . . . . . . . . . . . . . 1 . . . . . . Hacking | -11 -10 -10 -9 -9 -9 -8 -8 -7 -7 -7 -7 -6 -6 -6 -6 -6 -6 -5 -5 -5 -5 -4 -4 -4 -4 -3 -3 -2 -1 -1 --------- Run | Scr Mat Min Mat Min Exi Min Mat Fac Low Low Dat Pro Fac Ext Cet Arc Hub Fac Upp Upp Zhi Pro Fac Arm Lab Res Qua Res Acc Com Machines Accessed 110 | . 8 . 8 . 1 . 7 23 . 1 3 . 6 4 . . 7 4 . . 4 1 10 7 . 4 4 1 4 3 Terminals 62 | . 5 . 7 . . . 5 11 . . . . 2 4 . . 6 3 . . . 1 4 2 . 3 3 1 4 1 Fabricators 10 | . . . . . . . . 2 . . . . 2 . . . . . . . . . 2 3 . 1 . . . . Repair Stations 10 | . 1 . 1 . . . . 3 . . . . 2 . . . . . . . . . 2 . . . . . . 1 Recycling Units 10 | . 2 . . . . . . 4 . . . . . . . . . . . . . . 1 2 . . . . . 1 Scanalyzers 1 | . . . . . . . 1 . . . . . . . . . . . . . . . . . . . . . . . Garrison Access 8 | . . . . . . . 1 3 . . . . . . . . 1 1 . . . . 1 . . . 1 . . . Total Hacks 406 | . 23 . 14 . 1 . 15 64 . 1 25 . 14 11 . . 13 16 . . 17 1 57 40 . 27 25 10 19 13 Successful 209 | . 15 . 5 . 1 . 9 29 . 1 25 . 8 5 . . 6 7 . . 17 1 32 14 . 9 10 3 6 6 Failed 194 | . 7 . 8 . . . 5 35 . . . . 6 6 . . 7 9 . . . . 25 26 . 18 15 7 13 7 Catastrophic 30 | . 2 . 1 . . . 1 1 . . . . 2 2 . . 2 3 . . . . 3 3 . 1 3 . 5 1 Database Lockouts 3 | . 1 . 1 . . . 1 . . . . . . . . . . . . . . . . . . . . . . . Manual 177 | . 10 . 11 . . . 8 20 . . . . 5 7 . . 11 12 . . . . 20 17 . 11 21 9 15 . Terminals 217 | . 15 . 13 . . . 12 28 . . . . 5 11 . . 12 10 . . . 1 25 8 . 22 23 10 19 3 Fabricators 49 | . . . . . . . . 8 . . . . 5 . . . . . . . . . 10 21 . 5 . . . . Repair Stations 42 | . 4 . 1 . . . . 7 . . . . 4 . . . . . . . . . 17 . . . . . . 9 Recycling Units 31 | . 4 . . . . . . 11 . . . . . . . . . . . . . . 4 11 . . . . . 1 Scanalyzers 2 | . . . . . . . 2 . . . . . . . . . . . . . . . . . . . . . . . Garrison Access 21 | . . . . . . . 1 10 . . . . . . . . 1 6 . . . . 1 . . . 2 . . . Terminal Hacks 114 | . 9 . 4 . 1 . 6 9 . 1 25 . 1 3 . . 4 2 . . 17 1 6 2 . 6 8 2 6 1 Record 13 | . . . . . 1 . . . . . 6 . . . . . . . . . 5 1 . . . . . . . . Part Schematic 14 | . 1 . . . . . . 1 . . 8 . . . . . . . . . 4 . . . . . . . . . Robot Schematic 9 | . 1 . . . . . . . . . 8 . . . . . . . . . . . . . . . . . . . Robot Analysis 13 | . 3 . 1 . . . 1 . . . . . . . . . . . . . 4 . . . . . . . 4 . Prototype ID Bank 11 | . 1 . 1 . . . . . . . 3 . . . . . . . . . 4 . . 1 . . 1 . . . Open Door 3 | . . . . . . . . . . 1 . . . . . . . . . . . . . . . 1 . . . 1 Level Access Points 2 | . . . . . . . . . . . . . . . . . . . . . . . . . . . 1 1 . . Branch Access Points 7 | . . . 1 . . . 1 1 . . . . 1 . . . . . . . . . 1 . . 1 . . 1 . Terminal Index 3 | . . . . . . . . 1 . . . . . . . . . . . . . . 1 . . 1 . . . . Fabricator Index 1 | . . . . . . . . 1 . . . . . . . . . . . . . . . . . . . . . . Repair Station Index 1 | . . . . . . . . . . . . . . . . . . . . . . . 1 . . . . . . . Alert Level 2 | . 1 . . . . . . 1 . . . . . . . . . . . . . . . . . . . . . . Unreport Threat 13 | . 1 . . . . . 3 1 . . . . . 1 . . . . . . . . 2 . . 1 4 . . . Locate Traps 10 | . . . 1 . . . 1 1 . . . . . 1 . . . 1 . . . . 1 . . 1 2 1 . . Reprogram Traps 3 | . . . . . . . . 1 . . . . . . . . . 1 . . . . . . . 1 . . . . Recall Investigation 1 | . 1 . . . . . . . . . . . . . . . . . . . . . . . . . . . . . Zone Layout 8 | . . . . . . . . 1 . . . . . 1 . . 4 . . . . . . 1 . . . . 1 . Fabricator Hacks 21 | . . . . . . . . 5 . . . . 2 . . . . . . . . . 6 7 . 1 . . . . Load Schematic 8 | . . . . . . . . 2 . . . . 1 . . . . . . . . . 1 3 . 1 . . . . Build 13 | . . . . . . . . 3 . . . . 1 . . . . . . . . . 5 4 . . . . . . Repair Station Hacks 31 | . 4 . . . . . . 6 . . . . 3 . . . . . . . . . 14 . . . . . . 4 Scan Component 17 | . 2 . . . . . . 3 . . . . 2 . . . . . . . . . 8 . . . . . . 2 Repair 13 | . 2 . . . . . . 3 . . . . 1 . . . . . . . . . 6 . . . . . . 1 Refit 1 | . . . . . . . . . . . . . . . . . . . . . . . . . . . . . . 1 Recycling Unit Hacks 5 | . 1 . . . . . . 1 . . . . . . . . . . . . . . 1 1 . . . . . 1 Retrieve Components 5 | . 1 . . . . . . 1 . . . . . . . . . . . . . . 1 1 . . . . . 1 Scanalyzer 2 | . . . . . . . 2 . . . . . . . . . . . . . . . . . . . . . . . Insert Component 1 | . . . . . . . 1 . . . . . . . . . . . . . . . . . . . . . . . Analyze 1 | . . . . . . . 1 . . . . . . . . . . . . . . . . . . . . . . . Garrison Access Hacks 7 | . . . . . . . 1 2 . . . . . . . . 1 1 . . . . 1 . . . 1 . . . Seal Access 7 | . . . . . . . 1 2 . . . . . . . . 1 1 . . . . 1 . . . 1 . . . Unauthorized Hacks 29 | . 1 . 1 . . . . 6 . . . . 2 2 . . 1 4 . . . . 4 4 . 2 1 1 . . Terminals 14 | . . . 1 . . . . 3 . . . . 1 2 . . 1 1 . . . . 1 . . 2 1 1 . . Assimilate 1 | . . . . . . . . . . . . . . . . . . . . . . . . . . . . 1 . . Botnet 10 | . . . 1 . . . . 2 . . . . 1 1 . . 1 1 . . . . 1 . . 1 1 . . . Disrupt 2 | . . . . . . . . . . . . . . 1 . . . . . . . . . . . 1 . . . . Operators 1 | . . . . . . . . 1 . . . . . . . . . . . . . . . . . . . . . . Fabricators 7 | . . . . . . . . . . . . . 1 . . . . . . . . . 2 4 . . . . . . Prioritize 4 | . . . . . . . . . . . . . . . . . . . . . . . 1 3 . . . . . . Siphon 2 | . . . . . . . . . . . . . . . . . . . . . . . 1 1 . . . . . . Download 1 | . . . . . . . . . . . . . 1 . . . . . . . . . . . . . . . . . Repair Stations . | . . . . . . . . . . . . . . . . . . . . . . . . . . . . . . . Recycling Units 4 | . 1 . . . . . . 2 . . . . . . . . . . . . . . 1 . . . . . . . Mask 3 | . . . . . . . . 2 . . . . . . . . . . . . . . 1 . . . . . . . Tunnel 1 | . 1 . . . . . . . . . . . . . . . . . . . . . . . . . . . . . Scanalyzers . | . . . . . . . . . . . . . . . . . . . . . . . . . . . . . . . Garrison Access 4 | . . . . . . . . 1 . . . . . . . . . 3 . . . . . . . . . . . . Reprogram 4 | . . . . . . . . 1 . . . . . . . . . 3 . . . . . . . . . . . . Data Cores Recovered . | . . . . . . . . . . . . . . . . . . . . . . . . . . . . . . . Used . | . . . . . . . . . . . . . . . . . . . . . . . . . . . . . . . Hacking Detections 84 | . 6 . 6 . . . 5 21 . . . . 6 4 . . 6 4 . . . . 8 6 . 3 3 1 4 1 Full Trace Events 8 | . . . 1 . . . . 3 . . . . 2 . . . . . . . . . 1 1 . . . . . . Feedback Events 1 | . . . . . . . . 1 . . . . . . . . . . . . . . . . . . . . . . Corruption 1 | . . . . . . . . 1 . . . . . . . . . . . . . . . . . . . . . . Feedback Blocked . | . . . . . . . . . . . . . . . . . . . . . . . . . . . . . . . Robot Schematics Acquired 9 | . 1 . . . . . . . . . 8 . . . . . . . . . . . . . . . . . . . Robots Built 2 | . . . . . . . . . . . . . . . . . . . . . . . . 2 . . . . . . Matter 285 | . . . . . . . . . . . . . . . . . . . . . . . . 285 . . . . . . Time 152 | . . . . . . . . . . . . . . . . . . . . . . . . 152 . . . . . . Total Robot Build Rating 10 | . . . . . . . . . . . . . . . . . . . . . . . . 10 . . . . . . Part Schematics Acquired 16 | . 1 . . . . . 1 1 . . 8 . 1 . . . . . . . 4 . . . . . . . . . Parts Built 19 | . . . . . . . . 6 . . . . 2 . . . . . . . . . 8 3 . . . . . . Matter 3192 | . . . . . . . . 636 . . . . 256 . . . . . . . . . 1310 990 . . . . . . Time 1253 | . . . . . . . . 159 . . . . 42 . . . . . . . . . 670 382 . . . . . . Total Part Build Rating 140 | . . . . . . . . 36 . . . . 16 . . . . . . . . . 66 22 . . . . . . Parts Repaired 13 | . 2 . . . . . . 3 . . . . 1 . . . . . . . . . 6 . . . . . . 1 Time 729 | . 52 . . . . . . 114 . . . . 14 . . . . . . . . . 525 . . . . . . 24 Parts Recycled . | . . . . . . . . . . . . . . . . . . . . . . . . . . . . . . . Recycled Matter . | . . . . . . . . . . . . . . . . . . . . . . . . . . . . . . . Retrieved Matter . | . . . . . . . . . . . . . . . . . . . . . . . . . . . . . . . Retrieved Components 17 | . 4 . . . . . . 5 . . . . . . . . . . . . . . 3 3 . . . . . 2 Parts Scanalyzed 1 | . . . . . . . 1 . . . . . . . . . . . . . . . . . . . . . . . Part Schematics Acquired 1 | . . . . . . . 1 . . . . . . . . . . . . . . . . . . . . . . . Parts Damaged . | . . . . . . . . . . . . . . . . . . . . . . . . . . . . . . . Bothacking | -11 -10 -10 -9 -9 -9 -8 -8 -7 -7 -7 -7 -6 -6 -6 -6 -6 -6 -5 -5 -5 -5 -4 -4 -4 -4 -3 -3 -2 -1 -1 ------------ Run | Scr Mat Min Mat Min Exi Min Mat Fac Low Low Dat Pro Fac Ext Cet Arc Hub Fac Upp Upp Zhi Pro Fac Arm Lab Res Qua Res Acc Com Used RIF Installer . | . . . . . . . . . . . . . . . . . . . . . . . . . . . . . . . Robots Hacked 3 | . . . 1 . . . . . . . . 1 . . . 1 . . . . . . . . . . . . . . Non-combat 2 | . . . 1 . . . . . . . . . . . . 1 . . . . . . . . . . . . . . Combat 1 | . . . . . . . . . . . . 1 . . . . . . . . . . . . . . . . . . Robot Hacks Applied 3 | . . . 1 . . . . . . . . 1 . . . 1 . . . . . . . . . . . . . . parse_system 3 | . . . 1 . . . . . . . . 1 . . . 1 . . . . . . . . . . . . . . Relay Couplers Released 8 | . . . . . . . . . . . . . . . . . . . 4 . . . 4 . . . . . . . Programmers 8 | . . . . . . . . . . . . . . . . . . . 4 . . . 4 . . . . . . . Robots Rewired 17 | . . . . . . . . 5 . . . . . 7 . . . . 4 . . . . . . 1 . . . . Allies Hacked 2 | . . . . . . . . . . . . . . . . . . . 2 . . . . . . . . . . . Hacks Repelled 2 | . . . . . . . . . . . . . . . . . . . 2 . . . . . . . . . . . Allies | -11 -10 -10 -9 -9 -9 -8 -8 -7 -7 -7 -7 -6 -6 -6 -6 -6 -6 -5 -5 -5 -5 -4 -4 -4 -4 -3 -3 -2 -1 -1 -------- Run | Scr Mat Min Mat Min Exi Min Mat Fac Low Low Dat Pro Fac Ext Cet Arc Hub Fac Upp Upp Zhi Pro Fac Arm Lab Res Qua Res Acc Com Total Allies 37 | . . 1 . 2 . . . 7 . . . 1 . 10 . . 3 4 5 . . . . 2 . 1 . 1 . . Largest Group 7 | . . 1 1 2 . . . 5 . . . 1 . 7 6 . 3 4 4 4 . . . 2 2 1 . 1 . . Highest-Rated Group 309 | . . 31 31 39 . . . 130 . . . 95 . 309 289 . 93 194 194 80 . . . 82 82 129 . 10 . . Highest-Rated Ally 156 | . . 31 31 31 . . . 32 . . . 95 . 156 150 . 31 85 85 20 . . . 41 41 129 . 10 . . Total Orders 12 | . . . . . . . . 5 . . . . . 2 . . . . . 1 . . . . 1 . . 3 . . STAY 6 | . . . . . . . . 3 . . . . . 1 . . . . . 1 . . . . 1 . . . . . FOLLOW 3 | . . . . . . . . 2 . . . . . 1 . . . . . . . . . . . . . . . . RETURN 3 | . . . . . . . . . . . . . . . . . . . . . . . . . . . . 3 . . Ally Attacks 297 | . . . 20 . . . . 60 . . . 21 . 40 33 . 3 13 51 3 . . . . 3 7 . 43 . . Total Damage 7331 | . . . 253 . . . . 1335 . . . 619 . 849 729 . 42 505 1297 63 . . . . 52 615 . 972 . . Kills 59 | . . . 7 . . . . 12 . . . 2 . 7 7 . . 6 10 1 . . . . . 1 . 6 . . Allies Corrupted 3 | . . . . . . . . . . . . . . 1 . . . . . . . . . . 1 . . 1 . . Allies Melted 2 | . . . . . . . . . . . . . . . . . . . . . . . . . . . . . . 2 Intel | -11 -10 -10 -9 -9 -9 -8 -8 -7 -7 -7 -7 -6 -6 -6 -6 -6 -6 -5 -5 -5 -5 -4 -4 -4 -4 -3 -3 -2 -1 -1 ------- Run | Scr Mat Min Mat Min Exi Min Mat Fac Low Low Dat Pro Fac Ext Cet Arc Hub Fac Upp Upp Zhi Pro Fac Arm Lab Res Qua Res Acc Com Robot Analysis Total 13 | . 3 . 1 . . . 1 . . . . . . . . . . . . . 4 . . . . . . . 4 . Derelict Logs Recovered 12 | . . 1 . 2 . . . . 2 2 . 1 . . . . . . 2 1 . 1 . . . . . . . . Drone Launches 5 | . . . . . . . . . . . . . . . . . . . . . . . . . . . . 5 . . Drone Recoveries 3 | . . . . . . . . . . . . . . . . . . . . . . . . . . . . 3 . . Exploration | -11 -10 -10 -9 -9 -9 -8 -8 -7 -7 -7 -7 -6 -6 -6 -6 -6 -6 -5 -5 -5 -5 -4 -4 -4 -4 -3 -3 -2 -1 -1 ------------- Run | Scr Mat Min Mat Min Exi Min Mat Fac Low Low Dat Pro Fac Ext Cet Arc Hub Fac Upp Upp Zhi Pro Fac Arm Lab Res Qua Res Acc Com Turns Passed 35766 | 7 1388 1350 2434 1161 328 150 1170 4400 1246 1434 119 676 1135 1223 566 1416 1090 736 1969 1509 285 828 2984 1486 592 864 722 671 331 1496 Spaces Moved 16329 | 3 645 692 672 443 157 70 470 2615 707 803 75 359 484 581 207 123 505 341 1041 834 155 308 1269 572 191 306 375 395 266 665 Core 808 | . . . . . . . . . . . . . . . . 56 . . . . . . . . . 51 104 253 208 136 Treads 12157 | 3 645 692 672 319 . . . 437 707 803 75 359 484 581 207 67 505 341 1041 834 155 308 1269 572 191 255 271 142 7 215 Legs 365 | . . . . . . . . . . . . . . . . . . . . . . . . . . . . . 51 314 Wheels 2999 | . . . . 124 157 70 470 2178 . . . . . . . . . . . . . . . . . . . . . . Hover . | . . . . . . . . . . . . . . . . . . . . . . . . . . . . . . . Flight . | . . . . . . . . . . . . . . . . . . . . . . . . . . . . . . . Fastest Speed 50 | 160 160 160 160 210 210 210 135 120 160 160 160 160 160 160 160 163 163 166 166 166 166 162 145 145 156 50 50 50 50 50 Average Speed 166 | 160 160 179 250 246 210 210 167 140 160 160 160 160 160 160 161 976 163 166 166 166 166 165 148 151 156 137 146 89 103 143 Slowest Speed 1950 | 160 160 260 360 260 210 210 210 160 160 160 160 160 160 160 163 1950 166 166 166 166 166 166 260 156 156 250 260 200 200 270 Overloaded Moves . | . . . . . . . . . . . . . . . . . . . . . . . . . . . . . . . Propulsion Burnouts . | . . . . . . . . . . . . . . . . . . . . . . . . . . . . . . . Robots Hopped . | . . . . . . . . . . . . . . . . . . . . . . . . . . . . . . . Cave-ins Triggered 1 | . . . . . . . . . . . . . . . . . . . . . . . . . . . . . . 1 Teleports 2 | . . . . . . . . . . . . . . . . . . . . . . . 1 . . 1 . . . . Exploration Rate (%) 55 | 2 97 96 65 98 55 19 45 55 81 86 71 63 15 65 72 80 49 10 93 90 61 59 39 46 99 19 48 19 7 15 Regions Visited 30 Branch Regions 20 Pre-discovered Areas 9 | . 1 1 . 2 . . . . . . 1 . . . . . . . 1 . 3 . . . . . . . . . Known Exits Taken 19 | . . . 1 . . . . 1 . . . . 1 1 1 1 1 1 1 1 1 1 1 1 1 1 1 1 1 . Unknown Exits Taken 11 | 1 1 1 . 1 1 1 1 . 1 1 1 1 . . . . . . . . . . . . . . . . . . Scrap Searched 20 | . . 1 . 1 . 1 . . 7 3 . 1 . . . . . . 3 2 . 1 . . . . . . . . Spaces Dug 161 | . . . . . . . . 12 3 21 . . 4 12 . . 3 . 4 . . . 71 8 . 13 2 1 2 5 Terrain Destroyed 1262 | . 14 . 17 14 . . 17 142 23 26 . 21 89 14 83 14 376 3 17 4 . 10 300 17 . 42 2 1 2 14 Melee 46 | . . . . . . . . . 3 21 . . . . . . 3 . 4 . . . 2 6 . . 2 1 2 2 Projectile 305 | . . . . . . . . 43 3 5 . 1 21 14 17 14 17 3 12 4 . 10 103 4 . 22 . . . 12 AOE 899 | . 14 . 17 14 . . 17 99 17 . . 20 68 . 66 . 356 . . . . . 194 . . 17 . . . . Terrain Rammed . | . . . . . . . . . . . . . . . . . . . . . . . . . . . . . . . Walls Destroyed . | . . . . . . . . . . . . . . . . . . . . . . . . . . . . . . . Machines Disabled . | . . . . . . . . . . . . . . . . . . . . . . . . . . . . . . . Actions | -11 -10 -10 -9 -9 -9 -8 -8 -7 -7 -7 -7 -6 -6 -6 -6 -6 -6 -5 -5 -5 -5 -4 -4 -4 -4 -3 -3 -2 -1 -1 --------- Run | Scr Mat Min Mat Min Exi Min Mat Fac Low Low Dat Pro Fac Ext Cet Arc Hub Fac Upp Upp Zhi Pro Fac Arm Lab Res Qua Res Acc Com Total 22241 | 4 883 787 1273 485 156 74 666 3128 766 883 74 421 735 810 334 280 705 486 1227 906 174 553 2049 1038 431 567 461 594 303 988 Wait 3051 | . 131 76 357 13 . 3 38 169 10 14 . 15 142 94 26 113 141 110 83 37 . 184 453 329 175 121 13 100 1 103 Move 16299 | 2 644 691 671 442 156 69 469 2614 706 802 74 358 483 580 206 122 504 340 1040 833 154 307 1268 571 190 305 374 395 265 664 Hop . | . . . . . . . . . . . . . . . . . . . . . . . . . . . . . . . Pick Up 201 | . 19 6 13 4 . 1 15 24 5 7 . 6 8 3 9 2 1 5 6 2 2 5 20 12 7 5 2 3 1 8 Fast Attach 183 | . 5 . 4 . . . 5 28 2 . . 1 5 9 5 2 4 1 5 . 3 3 18 8 9 4 18 5 8 31 Attach 121 | . . . 4 . . . 13 9 2 2 . 2 6 . 6 4 5 3 5 1 . 4 12 4 2 9 1 6 7 14 Detach 85 | . 2 . 1 . . . 2 10 1 . . . 3 2 3 3 . 3 4 . . 2 7 2 . 2 1 4 7 26 Swap 248 | 2 5 1 29 5 . . 9 15 4 3 . 5 9 7 9 2 10 8 16 9 3 7 45 24 6 15 . . . . Drop 254 | . 14 2 24 5 . 1 11 43 3 6 . 8 9 11 8 2 5 . 7 . 4 5 22 17 11 5 7 4 1 19 Fire 1226 | . 62 6 79 14 . . 104 139 28 26 . 22 56 37 51 29 26 10 23 24 . 36 145 64 31 91 6 22 . 95 Melee 201 | . . . 1 . . . . 8 4 21 . 1 . . 11 1 4 . 4 . 8 . 12 7 . . 39 45 8 27 Ram . | . . . . . . . . . . . . . . . . . . . . . . . . . . . . . . . Kick . | . . . . . . . . . . . . . . . . . . . . . . . . . . . . . . . Crush 85 | . 1 5 5 2 . . . . . . . . 1 5 . . 5 3 . . . . 33 . . 10 . 10 5 . Escape Stasis 9 | . . . . . . . . 8 . . . . . . . . . . . . . . . . . . . . . 1 Rewire 97 | . . . . . . . . 1 . . . . . 62 . . . . 34 . . . . . . . . . . . Trap 181 | . . . 85 . . . . 60 1 2 . 3 13 . . . . 3 . . . . 14 . . . . . . . Miscellaneous . | . . . . . . . . . . . . . . . . . . . . . . . . . . . . . . . Route ------- -11/Scrapyard -10/Materials (discovered 4 exits: *Mat x3 / [*Min]) -10/Mines (discovered 2 exits: *Mat x2) -9/Materials (discovered 2 exits: *Mat / *Min) -9/Mines (discovered 3 exits: *Mat x2 / *Exi) -9/Exiles -8/Mines (discovered 2 exits: *Mat x2) -8/Materials -7/Factory (discovered 5 exits: *Fac / *Sto x2 / *Low x2) -7/Lower Caves -7/Lower Caves -7/Data Miner -6/Proximity Caves -6/Factory (discovered 5 exits: *Fac / Low x2 / *Ext x2) -6/Extension (discovered 2 exits: *Fac / *Cet) -6/Cetus (discovered 2 exits: *Fac / *Arc) -6/Archives (discovered 3 exits: *Fac / *Hub x2) -6/Hub_04(d) (discovered 2 exits: *Fac x2) -5/Factory (discovered 2 exits: *Upp x2) -5/Upper Caves -5/Upper Caves (discovered 2 exits: *Fac / *Zhi) -5/Zhirov -4/Proximity Caves -4/Factory (discovered 3 exits: Upp x2 / *Arm) -4/Armory -4/Lab -3/Research (discovered 3 exits: *Res / *Qua x2) -3/Quarantine -2/Research (discovered 3 exits: *Acc x3) -1/Access -1/Command (discovered 2 exits: Sur x2) History --------- Turn | Location | Event 4 | -11/Scrapyard | Discovered new exit (range 3) 8 | -11/Scrapyard | Entered Materials 308 | -10/Materials | Build established: Mutant 396 | -10/Materials | Discovered new exit (range 15) 1006 | -10/Materials | Discovered new exit (range 3) 1160 | -10/Materials | Repaired Lgt. Treads 1188 | -10/Materials | Repaired Lgt. Treads 1193 | -10/Materials | Discovered new exit (range 3) 1354 | -10/Materials | Discovered new exit (range 11) 1380 | -10/Materials | Central database locked down 1396 | -10/Materials | Entered Mines 1402 | -10/Mines | Met a Derelict bent on vengeance 1544 | -10/Mines | Learned location of Storage (-7) 1695 | -10/Mines | Assembled infested the area 2207 | -10/Mines | Discovered new exit (range 5) 2378 | -10/Mines | Joined a pair of Derelicts in attacking an 0b10 outpost 2530 | -10/Mines | Discovered new exit (range 8) 2639 | -10/Mines | Received a Mining Laser from a helpful Derelict 2746 | -10/Mines | Entered Materials 2746 | -9/Materials | Accompanied by 1 ally 2746 | -9/Materials | Evolved 2 slots: Propulsion x1, Utility x1 4004 | -9/Materials | Discovered new exit (range 13) 4067 | -9/Materials | Build established: Scavenger-Mutant 4179 | -9/Materials | Identified exit to Mines 4732 | -9/Materials | Build established: Trapper-Mutant 4982 | -9/Materials | Central database locked down 5180 | -9/Materials | Entered Mines 5385 | -9/Mines | Build established: Scavenger-Mutant 5498 | -9/Mines | Discovered new exit (range 12) 5573 | -9/Mines | Discovered new exit (range 5) 5932 | -9/Mines | Deemed a non-threat by the Exiles lab entrance 5932 | -9/Mines | Discovered new exit (range 5) 6044 | -9/Mines | Found a hidden stash of uninstalled traps 6341 | -9/Mines | Entered Exiles 6341 | -9/Exiles | Found Exiles lab abandoned 6370 | -9/Exiles | Build established: Mutant 6648 | -9/Exiles | Discovered new exit (range 12) 6669 | -9/Exiles | Entered Mines 6686 | -8/Mines | Discovered new exit (range 13) 6748 | -8/Mines | Discovered new exit (range 15) 6819 | -8/Mines | Entered Materials 6819 | -8/Materials | Evolved 2 slots: Utility x2 6921 | -8/Materials | Garrison activated, responded to threat 7155 | -8/Materials | Lost 3 parts (1p2n) 7303 | -8/Materials | Lost 3 parts (1u2w) 7641 | -8/Materials | Central database locked down 7815 | -8/Materials | Build established: Scavenger-Mutant 7940 | -8/Materials | Discovered new exit (range 8) 7989 | -8/Materials | Entered Factory 7989 | -7/Factory | Evolved 2 slots: Propulsion x1, Utility x1 8213 | -7/Factory | Build established: Mutant 8373 | -7/Factory | Repaired Imp. Treads 8529 | -7/Factory | Build established: Commander-Mutant 8942 | -7/Factory | Discovered new exit (range 19) 9186 | -7/Factory | Identified exit to Storage 9186 | -7/Factory | Identified exit to Lower Caves 10077 | -7/Factory | Garrison activated, responded to threat 10318 | -7/Factory | Repaired Adv. Assault Cannon 10359 | -7/Factory | Repaired Imp. Light Armor Plating 11344 | -7/Factory | Garrison activated, responded to threat 11465 | -7/Factory | Fabricated Hvy. Treads (x2) 11524 | -7/Factory | Fabricated Hvy. Treads? 11600 | -7/Factory | Fabricated Hvy. Treads? 11711 | -7/Factory | Found Prototype Launcher 11711 | -7/Factory | Identified Rocket Array 11915 | -7/Factory | Build established: Mutant 12009 | -7/Factory | Garrison activated, responded to threat 12389 | -7/Factory | Entered Lower Caves 12484 | -7/Lower Caves | Spotted B-75 Beast 12542 | -7/Lower Caves | Destroyed B-75 Beast 12656 | -7/Lower Caves | Encountered a Warlord checkpoint 13303 | -7/Lower Caves | Learned Factory interactive machine intel 13465 | -7/Lower Caves | Discovered new exit (range 13) 13635 | -7/Lower Caves | Entered another Lower Caves area 13829 | -7/Lower Caves | Learned 4 Factory zone layouts 13832 | -7/Lower Caves | Learned 8 Factory zone layouts 13953 | -7/Lower Caves | Attracted the attention of an 0b10 checkpoint 14209 | -7/Lower Caves | Core integrity fell below 50% 14260 | -7/Lower Caves | Discovered new exit (range 8) 14344 | -7/Lower Caves | Found Alien Artifact 15069 | -7/Lower Caves | Entered Data Miner 15069 | -7/Data Miner | Discovered new exit (range 6) 15093 | -7/Data Miner | Met Data Miner 15129 | -7/Data Miner | Learned location of Section 7 (-2) 15129 | -7/Data Miner | Acquired the access code to Warlord's prototype stash 15149 | -7/Data Miner | Received God Mode back door access code from Data Miner 15188 | -7/Data Miner | Entered Proximity Caves 15218 | -6/Proximity Caves | Escorted by Enhanced Grunt 15616 | -6/Proximity Caves | Spotted B-75 Beast 15699 | -6/Proximity Caves | Destroyed B-75 Beast 15747 | -6/Proximity Caves | Found Exp. Thermal Shield 15841 | -6/Proximity Caves | Learned Factory terminal intel 15846 | -6/Proximity Caves | Discovered new exit (range 5) 15864 | -6/Proximity Caves | Entered Factory 15864 | -6/Factory | Evolved 2 slots: Propulsion x1, Utility x1 15866 | -6/Factory | Loaded intel: 48 interactive machine locations 15867 | -6/Factory | Loaded intel: 22 terminal locations 16233 | -6/Factory | Fabricated Arm. Heavy Treads (x2) 16535 | -6/Factory | Incoming investigation squad redirected 16581 | -6/Factory | Repaired Hrd. Heavy Armor Plating 16616 | -6/Factory | Discovered new exit (range 8) 16774 | -6/Factory | Identified exit to Lower Caves 16774 | -6/Factory | Identified exit to Extension 16914 | -6/Factory | First assault squad dispatched 16999 | -6/Factory | Entered Extension 17393 | -6/Extension | Rescued a captive Derelict 17455 | -6/Extension | Rescued A7 17493 | -6/Extension | Rescued a captive Derelict 18166 | -6/Extension | Discovered new exit (range 10) 18169 | -6/Extension | Discovered new exit (range 6) 18183 | -6/Extension | Identified exit to Cetus 18206 | -6/Extension | Identified exit to Factory 18222 | -6/Extension | Entered Cetus 18222 | -6/Cetus | Accompanied by 6 allies (A7) 18227 | -6/Cetus | Acquired a Cetus Manufacturing Module code from A7 18240 | -6/Cetus | Spotted Cetus Guard 18240 | -6/Cetus | Spotted Cetus Guard 18240 | -6/Cetus | Spotted Cetus Guard 18240 | -6/Cetus | Spotted Cetus Guard 18244 | -6/Cetus | Allies destroyed Cetus Guard 18253 | -6/Cetus | Build established: Commander-Mutant 18253 | -6/Cetus | Allies destroyed Cetus Guard 18260 | -6/Cetus | Allies destroyed Cetus Guard 18272 | -6/Cetus | Allies destroyed Cetus Guard 18304 | -6/Cetus | Cetus Manufacturing Module disabled 18469 | -6/Cetus | Destroyed A7 18476 | -6/Cetus | Extracted ID and sensor layout for unrecognized location from A7's data core 18501 | -6/Cetus | Discovered new exit (range 21) 18537 | -6/Cetus | Spotted Cetus Guard 18557 | -6/Cetus | Spotted Cetus Guard 18559 | -6/Cetus | Build established: Mutant 18565 | -6/Cetus | Spotted Cetus Guard 18580 | -6/Cetus | Spotted Cetus Guard 18603 | -6/Cetus | Destroyed Cetus Guard 18606 | -6/Cetus | Destroyed Cetus Guard 18633 | -6/Cetus | Destroyed Cetus Guard 18636 | -6/Cetus | Destroyed Cetus Guard 18654 | -6/Cetus | Discovered exit to Factory (range 22) 18708 | -6/Cetus | Met Revision 17 18709 | -6/Cetus | Destroyed Revision 17 18787 | -6/Cetus | Identified exit to Archives 18788 | -6/Cetus | Entered Archives 18877 | -6/Archives | Build established: Scavenger-Mutant 18894 | -6/Archives | Discovered new exit (range 22) 18915 | -6/Archives | Discovered new exit (range 21) 18939 | -6/Archives | Discovered exit to Factory (range 22) 20145 | -6/Archives | Identified exit to Hub_04(d) 20204 | -6/Archives | Entered Hub_04(d) 20218 | -6/Hub_04(d) | Discovered exit to Factory (range 16) 20467 | -6/Hub_04(d) | Incoming investigation squad redirected 20490 | -6/Hub_04(d) | Spotted B-75 Beast 20711 | -6/Hub_04(d) | Discovered exit to Factory (range 13) 20916 | -6/Hub_04(d) | Identified Dimensional Node Initializer 20916 | -6/Hub_04(d) | Initialized slip node 21076 | -6/Hub_04(d) | Network Hub disabled 21157 | -6/Hub_04(d) | Network Hub disabled 21254 | -6/Hub_04(d) | First assault squad dispatched 21294 | -6/Hub_04(d) | Entered Factory 21294 | -5/Factory | Evolved 2 slots: Power x1, Propulsion x1 21295 | -5/Factory | Identified exit to Upper Caves 21335 | -5/Factory | Discovered exit to Upper Caves (range 12) 21625 | -5/Factory | Garrison activated, responded to threat 21709 | -5/Factory | Build established: Scavenger-Skirmisher 21894 | -5/Factory | First assault squad dispatched 21917 | -5/Factory | Incoming assault squad redirected 22030 | -5/Factory | Entered Upper Caves 22030 | -5/Upper Caves | Accompanied by 4 allies 22031 | -5/Upper Caves | Encountered a Warlord checkpoint 22187 | -5/Upper Caves | Learned 8 Factory zone layouts 22574 | -5/Upper Caves | P-80 Master assimilated hostile G-50 Soldier 23032 | -5/Upper Caves | Attracted the attention of an 0b10 checkpoint 23167 | -5/Upper Caves | Build established: Scavenger-Mutant 23300 | -5/Upper Caves | Spotted B-75 Beast 23346 | -5/Upper Caves | Destroyed B-75 Beast 23632 | -5/Upper Caves | Attacked by a delusional Derelict stockpiling Unaware 23681 | -5/Upper Caves | Build established: Scavenger-Skirmisher 23942 | -5/Upper Caves | Discovered new exit (range 5) 23995 | -5/Upper Caves | Identified exit to Upper Caves 23999 | -5/Upper Caves | Entered another Upper Caves area 23999 | -5/Upper Caves | Accompanied by 4 allies 24032 | -5/Upper Caves | Discovered new exit (range 8) 24043 | -5/Upper Caves | Identified exit to Factory 24256 | -5/Upper Caves | Learned Factory emergency access door positions 24446 | -5/Upper Caves | Attracted the attention of an 0b10 checkpoint 24669 | -5/Upper Caves | Spotted B-75 Beast 24736 | -5/Upper Caves | Destroyed B-75 Beast 25247 | -5/Upper Caves | Discovered new exit (range 13) 25266 | -5/Upper Caves | Identified exit to Zhirov 25508 | -5/Upper Caves | Entered Zhirov 25508 | -5/Zhirov | Discovered new exit (range 3) 25538 | -5/Zhirov | Met Zhirov 25575 | -5/Zhirov | Learned location of Quarantine (-3) 25575 | -5/Zhirov | Learned location of Testing (-2) 25585 | -5/Zhirov | Zhirov requested help retrieving the SGEMP Prototype 25610 | -5/Zhirov | Found Alien Artifact 25610 | -5/Zhirov | Identified Integrated Reactor 25610 | -5/Zhirov | Installed Integrated Reactor, increased core energy generation (+10) 25731 | -5/Zhirov | Found Alien Artifact 25791 | -5/Zhirov | Identified exit to Proximity Caves 25792 | -5/Zhirov | Build established: Scavenger-Mutant 25793 | -5/Zhirov | Entered Proximity Caves 26050 | -4/Proximity Caves | Attracted the attention of an 0b10 checkpoint 26422 | -4/Proximity Caves | Build established: Scavenger-Skirmisher 26621 | -4/Proximity Caves | Entered Factory 26621 | -4/Factory | Evolved 2 slots: Utility x1, Weapon x1 26780 | -4/Factory | Lost 5 parts (3n2w) 26790 | -4/Factory | Fabricated Biometal Heavy Treads (x2) 26940 | -4/Factory | Fabricated Biometal Heavy Treads? 27013 | -4/Factory | Build established: Scavenger-Tank 27135 | -4/Factory | Fabricated Biometal Heavy Treads? 27377 | -4/Factory | Repaired Broken Centrium Heavy Treads? 27530 | -4/Factory | Repaired Centrium Medium Armor Plating 27638 | -4/Factory | Repaired Centrium Medium Armor Plating 27747 | -4/Factory | Repaired Imp. KE Penetrator 27894 | -4/Factory | Incoming investigation squad redirected 28605 | -4/Factory | Repaired Biometal Heavy Treads? 28621 | -4/Factory | First assault squad dispatched 28657 | -4/Factory | Repaired Biometal Heavy Treads 28721 | -4/Factory | Destroyed 8 combat bots 28736 | -4/Factory | Incoming investigation squad redirected 28816 | -4/Factory | Identified Transdimensional Reconstructor 28816 | -4/Factory | Warped through subspace 28833 | -4/Factory | Incoming assault squad redirected 29137 | -4/Factory | Identified exit to Upper Caves 29137 | -4/Factory | Identified exit to Armory 29157 | -4/Factory | Fabricated Mni. Smartbomb Launcher (x1) 29283 | -4/Factory | Fabricated Mni. Smartbomb Launcher (x1) 29605 | -4/Factory | Entered Armory 29947 | -4/Armory | Fabricated Exp. Sensor Array (x1) 30740 | -4/Armory | Fabricated Assault Drone Bay? 30758 | -4/Armory | Build established: Gunner 30846 | -4/Armory | Fabricated Assault Drone Bay (x1) 31017 | -4/Armory | Local fabrication network quarantined 31056 | -4/Armory | Discovered new exit (range 5) 31069 | -4/Armory | Fabricated H-66 Slayer? 31084 | -4/Armory | Identified exit to Lab 31091 | -4/Armory | Entered Lab 31091 | -4/Lab | Accompanied by 2 allies 31091 | -4/Lab | Discovered new exit (range 9) 31102 | -4/Lab | Identified exit to Research 31109 | -4/Lab | Hidden lab's door opened automatically 31109 | -4/Lab | Sensor layout match revealed 31110 | -4/Lab | Gained access to the hidden lab's interior 31112 | -4/Lab | Unable to decrypt terminal 31247 | -4/Lab | Detected by scanners 31256 | -4/Lab | Confronted by A5 31416 | -4/Lab | Destroyed A5 31429 | -4/Lab | Found Prototype Protection 31429 | -4/Lab | Identified Med. Regenerative Plating 31443 | -4/Lab | Found Prototype Hackware 31447 | -4/Lab | Found Exp. Hacking Suite 31488 | -4/Lab | Found Alien Artifact 31488 | -4/Lab | Identified Core Expander 31488 | -4/Lab | Installed Core Expander, added new Weapon slot 31497 | -4/Lab | Found Integrated Reactor 31497 | -4/Lab | Installed Integrated Reactor, increased core energy generation (+10) 31508 | -4/Lab | Found Transdimensional Reconstructor 31544 | -4/Lab | Found Prototype Protection 31544 | -4/Lab | Identified Exp. Powered Armor 31550 | -4/Lab | Found Prototype Energy Cannon 31550 | -4/Lab | Identified Warp Cannon 31556 | -4/Lab | Found Prototype Energy Gun 31556 | -4/Lab | Identified Tachyon Dispersion Ray 31583 | -4/Lab | Found Prototype Special Weapon 31583 | -4/Lab | Identified Gui. Remote Datajack 31622 | -4/Lab | Found Prototype Hackware 31683 | -4/Lab | Entered Research 31683 | -3/Research | Evolved 2 slots: Propulsion x2 31966 | -3/Research | Identified Exp. System Shield 31967 | -3/Research | Identified Quantum Router 32002 | -3/Research | Identified exit to Quarantine 32106 | -3/Research | Discovered new exit (range 14) 32130 | -3/Research | Identified exit to Research 32139 | -3/Research | Spotted B-86 Titan 32448 | -3/Research | Lost 5 parts (2p1n1u1w) 32452 | -3/Research | Cargo convoy interrupted 32457 | -3/Research | Warped through subspace 32470 | -3/Research | Incoming assault squad redirected 32498 | -3/Research | Destroyed 18 combat bots 32518 | -3/Research | System corruption reached 10% 32525 | -3/Research | Core integrity fell below 50% 32547 | -3/Research | Entered Quarantine 32562 | -3/Quarantine | Lost 16 parts (4n6u6w) 32658 | -3/Quarantine | Found Alien Artifact 32658 | -3/Quarantine | Identified Phase Armor 32698 | -3/Quarantine | Build established: Hacker-Mutant 32715 | -3/Quarantine | Found Alien Slashing Weapon 32715 | -3/Quarantine | Identified Sigix Broadsword 32748 | -3/Quarantine | Found Alien Artifact 32748 | -3/Quarantine | Identified Matter Drive 33269 | -3/Quarantine | Entered Research 33269 | -2/Research | Evolved 2 slots: Utility x2 33513 | -2/Research | Found Prototype Slashing Weapon 33513 | -2/Research | Identified Centrium Greatsword 33677 | -2/Research | Spotted B-90 Cyclops 33783 | -2/Research | Lost 6 parts (2p1n3w) 33803 | -2/Research | System corruption reached 10% 33821 | -2/Research | Spotted B-90 Cyclops 33852 | -2/Research | Lost 4 parts (3n1u) 33870 | -2/Research | Core integrity fell below 50% 33881 | -2/Research | Incoming investigation squad redirected 33905 | -2/Research | Identified exit to Access 33940 | -2/Research | Entered Access 33940 | -1/Access | Evolved 2 slots: Power x1, Utility x1 33955 | -1/Access | Identified exit to Command 34271 | -1/Access | Entered Command 34305 | -1/Command | Repaired Adv. Heavy Siege Treads 34393 | -1/Command | Crushed by falling debris 34417 | -1/Command | Met MAIN.C 34422 | -1/Command | 0b10 Conduit disabled 34643 | -1/Command | Spotted B-99 Colossus 34758 | -1/Command | Found Prototype Reactor 34758 | -1/Command | Identified Zero-point Reactor 34760 | -1/Command | Found Zero-point Reactor 34766 | -1/Command | Found Prototype Protection 34766 | -1/Command | Identified Centrium Heavy Armor Plating 34770 | -1/Command | Found Prototype Processor 34770 | -1/Command | Identified Spectral Analyzer 34773 | -1/Command | Found Prototype Device 34773 | -1/Command | Identified Femtoactuators 34777 | -1/Command | Found Prototype Device 34777 | -1/Command | Identified Exp. Focal Shield 34895 | -1/Command | System corruption reached 10% 34945 | -1/Command | Destroyed MAIN.C Shell 34948 | -1/Command | MAIN.C activated Command garrisons 34948 | -1/Command | Surrendered to MAIN.C 34948 | -1/Command | Loaded intel: 59 machine locations 34948 | -1/Command | Loaded intel: 113 trap records 34948 | -1/Command | Identified exit to Surface 34948 | -1/Command | Discovered exit to Surface (range 31) 34948 | -1/Command | Discovered exit to Surface (range 97) 35082 | -1/Command | Found Prototype Ballistic Cannon 35082 | -1/Command | Identified Perforator 35227 | -1/Command | MAIN.C activated Command garrisons 35258 | -1/Command | Build established: Generator-Tank 35267 | -1/Command | Unknown forces attacked Command 35267 | -1/Command | Spotted EQ-009 35267 | -1/Command | Spotted EQ-006 35267 | -1/Command | Spotted EQ-005 35267 | -1/Command | Spotted EQ-001 35267 | -1/Command | Spotted EQ-004 35267 | -1/Command | Spotted EQ-000 35268 | -1/Command | Spotted EQ-003 35272 | -1/Command | Spotted EQ-002 35288 | -1/Command | Destroyed EQ-004 35294 | -1/Command | Destroyed EQ-003 35304 | -1/Command | Spotted EQ-015 35367 | -1/Command | Spotted EQ-022 35367 | -1/Command | Spotted EQ-023 35371 | -1/Command | Spotted EQ-020 35376 | -1/Command | Spotted EQ-019 35387 | -1/Command | Destroyed EQ-022 35455 | -1/Command | Spotted EQ-026 35462 | -1/Command | Spotted EQ-027 35478 | -1/Command | Spotted EQ-043 35478 | -1/Command | Spotted EQ-038 35485 | -1/Command | Destroyed EQ-027 35496 | -1/Command | Spotted EQ-031 35499 | -1/Command | Spotted EQ-039 35505 | -1/Command | Spotted EQ-041 35505 | -1/Command | Spotted EQ-042 35520 | -1/Command | Spotted EQ-036 35526 | -1/Command | Destroyed EQ-039 35533 | -1/Command | Found Corrupted Prototype Processor 35533 | -1/Command | Identified Exp. Core Analyzer 35534 | -1/Command | Spotted EQ-046 35537 | -1/Command | System corruption reached 30% 35544 | -1/Command | Destroyed EQ-046 35555 | -1/Command | Spotted EQ-050 35573 | -1/Command | Found Zero-point Reactor 35598 | -1/Command | Spotted EQ-060 35598 | -1/Command | Spotted EQ-061 35598 | -1/Command | Spotted EQ-079 35613 | -1/Command | Destroyed EQ-060 35620 | -1/Command | Destroyed EQ-079 35649 | -1/Command | Spotted EQ-078 35651 | -1/Command | Spotted EQ-074 35667 | -1/Command | Destroyed EQ-074 35668 | -1/Command | Destroyed EQ-078 35672 | -1/Command | Spotted EQ-072 35678 | -1/Command | Destroyed EQ-072 35695 | -1/Command | Spotted EQ-075 35698 | -1/Command | Spotted EQ-025 35701 | -1/Command | Spotted EQ-080 35704 | -1/Command | Spotted EQ-071 35705 | -1/Command | Spotted EQ-068 35705 | -1/Command | Spotted EQ-028 35707 | -1/Command | Spotted EQ-048 35708 | -1/Command | Spotted EQ-051 35717 | -1/Command | Spotted EQ-084 35717 | -1/Command | Spotted EQ-085 35718 | -1/Command | All MAIN.C guards destroyed 35731 | -1/Command | Spotted EQ-037 35734 | -1/Command | Destroyed EQ-080 35737 | -1/Command | Spotted EQ-055 35739 | -1/Command | Destroyed EQ-075 35745 | -1/Command | Spotted EQ-062 35750 | -1/Command | Core integrity fell below 50% 35756 | -1/Command | Core integrity fell below 20% 35759 | -1/Command | Spotted EQ-086 35760 | -1/Command | Spotted EQ-100 35763 | -1/Command | Spotted EQ-102 35765 | -1/Command | Spotted EQ-103 35767 | -1/Command | Destroyed by EQ-103 with Cooled Phase Cannon Last Messages --------------- 35746_ Slug penetrates EQ-085. 35747_ Penetrated by Slug. 35749_ Spectral Analyzer destroyed. 35749_ Critical hit (Blast). 35749_ Penetrated by Slug. 35749_ Slug penetrates Reinforced Barrier. 35750_ Exp. Biometal Medium Treads destroyed. 35751_ Penetrated by Slug. 35753_ Slug penetrates Reinforced Barrier. 35753_ Exp. Core Analyzer destroyed. 35755_ Knocked back. 35756_ Penetrated by Slug. 35756_ Slug penetrates Reinforced Barrier. 35756_ Penetrated by Slug. 35759_ Knocked back. 35759_ Slug penetrates Reinforced Barrier. 35762_ Knocked back. 35764_ Adv. Melee Analysis Suite destroyed. 35765_ System corrupted: Heat flow error (+147). 35767_ Acquired 3 matter. Map ----- +----------------------------------------------------+ | ########## ###??# #???????????? | | ###### #???????????? | | # #???????????? | | + #???????????? | | ^^ # """ #???????????? | | ################### ^ # "Y #???????????? | | ## ## # """ #???????????? | | ## ## ^ # #???????????? | | ## # # #???????????? | | ## ## ######"##???????????? | | ## ## #??# #???????????? | | ## ""T"" ## #### #???????????? | | ## """"" ## #### + #???????????? | | ###########+#+##### #### #### #???????????? | | #???# ## #??# #???????????? | | #???# < ## #### !! #???????????? | | #???# ## # ##!! #???????????? | | =! #???######" # #Q! ###?????????? | | =! #?????????# " ?????????? | | #+### !! ###########"" ############ | | # # # ### ????????? | | # # ; % %############ | | # # % # ## | | # %!;= ###%#% % | | # %%##" # ### % | | # # @ #! # #####% | | # ; ##?# | | # # # #?# % % | | ##### """" ########### # # #?# ! | | ##"" """" = # """ ##### # #??#?# ! = | | ##"" "" #""T""##% # #%#??### [* | | ##"" #"" ""##]=#+#"#### #??##" = | | ##T !![*! % ##?### | | ##"" % % "#?#?#% | | ##"" = ######] | | ##"" # ### | | #### ! ##### | | ##### == =! | | = [ % =% | | %% | | ###""" #] # | | # ##" #%# | | ######################## # " ### # | | #???# + ### #?########### | | ##### # ### #?#?????????? | | + + # " " ############# | | ##### # " " "#??????????? | | ##### # " ""##""""#??????????? | | + + # ####### #??????????? | | #+###################### #?????## ##??????????? | +----------------------------------------------------+ Best States ------------- Heat Dissipation 109 Coolant Potential 100 Energy Generation 81 Energy Capacity 600 Matter Stores 300 Matter Capacity 300 Sight Range 24 Robot Scan Range 20 Terrain Scan Range 24 Terrain Scan Density 10 Jamming Range 16 Armor Coverage 1650 Resistance: KI 30 Resistance: TH 30 Resistance: EM 15 Core Shielding 40 Propulsion Shielding 90 Weapon Shielding 66 Melee Speed Boost 50 Evasion (%) 64 Targeting Accuracy 30 Melee Accuracy 8 Target Analysis 8 Core Analysis 15 Armor Integrity Analysis 40 Recoil Reduction 8 Kinecelleration 30 Offensive Hacking 24 Defensive Hacking 41 Item Schematics ----------------- Huge Storage Unit | -10/Materials | Hacked Arm. Huge Wheel | -8/Materials | Scanalyzed Hvy. Treads | -7/Factory | Hacked Combat Drone Bay | -7/Data Miner | Free Lgt. Regenerative Plating | -7/Data Miner | Free Exp. Flexi-carbon Leg | -7/Data Miner | Free Triangulator | -7/Data Miner | Free Exp. Sensor Array | -7/Data Miner | Free Mni. Smartbomb Launcher | -7/Data Miner | Free Plasma Sword | -7/Data Miner | Free Kinetic Spear | -7/Data Miner | Free Arm. Heavy Treads | -6/Factory | Downloaded Assault Drone Bay | -5/Zhirov | Free Exp. Heat Sink | -5/Zhirov | Free Exp. Optical Array | -5/Zhirov | Free Imp. Arc Thrower | -5/Zhirov | Free Robot Schematics ------------------ M-13 Machinist | -10/Materials | Hacked S-27 Virus | -7/Data Miner | Free G-50 Soldier | -7/Data Miner | Free G-67 Veteran | -7/Data Miner | Free L-41 Fighter | -7/Data Miner | Free X-72 Disruptor | -7/Data Miner | Free H-66 Slayer | -7/Data Miner | Free P-70 Sage | -7/Data Miner | Free I-36 Angel | -7/Data Miner | Free Fabricated ------------ Hvy. Treads | x2 | -7/Factory Hvy. Treads | x2 | -7/Factory Hvy. Treads | x2 | -7/Factory Arm. Heavy Treads | x2 | -6/Factory | Preloaded Biometal Heavy Treads | x2 | -4/Factory | Preloaded Biometal Heavy Treads | x2 | -4/Factory | Preloaded Biometal Heavy Treads | x2 | -4/Factory | Preloaded Mni. Smartbomb Launcher | x1 | -4/Factory Mni. Smartbomb Launcher | x1 | -4/Factory Exp. Sensor Array | x1 | -4/Armory Assault Drone Bay | x1 | -4/Armory Assault Drone Bay | x1 | -4/Armory H-66 Slayer | x2 | -4/Armory | Preloaded Alien Tech Used ----------------- Dimensional Node Initializer Integrated Reactor Transdimensional Reconstructor Core Expander Phase Armor Sigix Broadsword Matter Drive Achievements -------------- None Challenges ------------ None Game ------ Seed PlasmaReinforcedDoomcannon Manual? 0 Play Time 04:23:06 Cumulative 944.9 hours Start 2021.09.11 @ 23:44:03 End 2021.09.15 @ 03:44:16 Sessions 9 Manual Loads 0 Difficulty Rogue Special Mode None Game No. 649 Rogue 645 Adventurer 4 Explorer 0 Win Type - Total 100 Types 77/9/5/4/2/0/0/2/1 Lore% 95 Gallery% 97 Achievement% 96 Wizard Run 0 Options --------- ASCII 0 Keyboard 1 Movement Vi Keybinds 0 Fullscreen 0 Font 16/Terminus Map View 76x50 Tactical HUD 1 Map Filters NONE Filters NONE Steam 1 RUN: 31b21e52-e2bb-4114-815b-e1321877b063